Workbook
Name LISTA_DE_DOCUMENTOS_CONTRATACIÓN_DIRECTA_ARRENDAMIENTO: 'BASE DE DATOS'!$G$3:$G$30
Name LISTA_DE_DOCUMENTOS_CONTRATACIÓN_DIRECTA_CONVENIO: 'BASE DE DATOS'!$E$3:$E$26
Name LISTA_DE_DOCUMENTOS_LICITACIÓN_PÚBLICA_O_MENOR_CUANTÍA: 'BASE DE DATOS'!$I$3:$I$37
Name LISTA_DE_DOCUMENTOS_PSP: 'BASE DE DATOS'!$C$3:$C$35
Name LISTADO_DE_DOCUMENTOS_CONCURSO_DE_MERITOS_ABIERTOS: 'BASE DE DATOS'!$O$3:$O$39
Name LISTADO_DE_DOCUMENTOS_MINIMA_CUANTÍA: 'BASE DE DATOS'!$M$3:$M$26
Name LISTADO_DE_DOCUMENTOS_SUBASTA_INVERSA: #REF!
Name Selección: 'BASE DE DATOS'!$A$3:$A$9
Name TIPO_DE_LISTADO: 'BASE DE DATOS'!$A$3:$A$12

Sheet LISTADO DE DOCUMENTOS
D1: LISTADO DE DOCUMENTOS CONTRACTUALES
D4: Código: | E4: GCO-FT-027 | F4: Versión: | H4: 002
B6: MODALIDAD DE CONTRATACIÓN | D6: LISTA_DE_DOCUMENTOS_PSP
B7: *Escoja en la lista desplegable la modalidad de contratación
B8: ITEM | C8: DOCUMENTO | F8: RESPONSABLE | G8: VERIFICACIÓN
G9: SI | H9: NO | I9: NO APLICA
B10: 1 | C10: =HLOOKUP('LISTADO DE DOCUMENTOS'!$D$6,'BASE DE DATOS'!$C$2:$P$39,'LISTADO DE DOCUMENTOS'!B10+1,0) -> GCO-FT-013 Solicitud de contratación prestación de servicios profesionales y de apoyo a la gestión (FISICO) | F10: =VLOOKUP(C10,'BASE DE DATOS'!$B$3:$P$39,MATCH('LISTADO DE DOCUMENTOS'!$D$6,'BASE DE DATOS'!$B$2:$P$2,0)+1,0) -> DEPENDENCIA SOLICITANTE DE CONTRATACIÓN
B11: 2 | C11: =HLOOKUP('LISTADO DE DOCUMENTOS'!$D$6,'BASE DE DATOS'!$C$2:$P$39,'LISTADO DE DOCUMENTOS'!B11+1,0) -> GCO-FT-010 Estudios previos para contratos de prestación de servicios profesionales y de apoyo a la gestión (FISICO) | F11: =VLOOKUP(C11,'BASE DE DATOS'!$B$3:$P$39,MATCH('LISTADO DE DOCUMENTOS'!$D$6,'BASE DE DATOS'!$B$2:$P$2,0)+1,0) -> DEPENDENCIA SOLICITANTE DE CONTRATACIÓN
B12: 3 | C12: =HLOOKUP('LISTADO DE DOCUMENTOS'!$D$6,'BASE DE DATOS'!$C$2:$P$39,'LISTADO DE DOCUMENTOS'!B12+1,0) -> Matriz de Riesgos del Proceso de Contratación Anexo 1 de Estudios Previos (FISICO) | F12: =VLOOKUP(C12,'BASE DE DATOS'!$B$3:$P$39,MATCH('LISTADO DE DOCUMENTOS'!$D$6,'BASE DE DATOS'!$B$2:$P$2,0)+1,0) -> DEPENDENCIA SOLICITANTE DE CONTRATACIÓN
B13: 4 | C13: =HLOOKUP('LISTADO DE DOCUMENTOS'!$D$6,'BASE DE DATOS'!$C$2:$P$39,'LISTADO DE DOCUMENTOS'!B13+1,0) -> Certificado de Disponibilidad Presupuestal (CDP) (FISICO) | F13: =VLOOKUP(C13,'BASE DE DATOS'!$B$3:$P$39,MATCH('LISTADO DE DOCUMENTOS'!$D$6,'BASE DE DATOS'!$B$2:$P$2,0)+1,0) -> DEPENDENCIA SOLICITANTE DE CONTRATACIÓN
B14: 5 | C14: =HLOOKUP('LISTADO DE DOCUMENTOS'!$D$6,'BASE DE DATOS'!$C$2:$P$39,'LISTADO DE DOCUMENTOS'!B14+1,0) -> GTH-FT-037 Certificación de insuficiencia o no existencia de personal en planta (FISICO) | F14: =VLOOKUP(C14,'BASE DE DATOS'!$B$3:$P$39,MATCH('LISTADO DE DOCUMENTOS'!$D$6,'BASE DE DATOS'!$B$2:$P$2,0)+1,0) -> DEPENDENCIA SOLICITANTE DE CONTRATACIÓN
B15: 6 | C15: =HLOOKUP('LISTADO DE DOCUMENTOS'!$D$6,'BASE DE DATOS'!$C$2:$P$39,'LISTADO DE DOCUMENTOS'!B15+1,0) -> GCO-FT-016 Autorización para objetos iguales (Cuando aplique). (FISICO) | F15: =VLOOKUP(C15,'BASE DE DATOS'!$B$3:$P$39,MATCH('LISTADO DE DOCUMENTOS'!$D$6,'BASE DE DATOS'!$B$2:$P$2,0)+1,0) -> DEPENDENCIA SOLICITANTE DE CONTRATACIÓN
B16: 7 | C16: =HLOOKUP('LISTADO DE DOCUMENTOS'!$D$6,'BASE DE DATOS'!$C$2:$P$39,'LISTADO DE DOCUMENTOS'!B16+1,0) -> GCO-FT-015 Justificación para la contratación de personal altamente calificado. (Cuando aplique). (FISICO) | F16: =VLOOKUP(C16,'BASE DE DATOS'!$B$3:$P$39,MATCH('LISTADO DE DOCUMENTOS'!$D$6,'BASE DE DATOS'!$B$2:$P$2,0)+1,0) -> DEPENDENCIA SOLICITANTE DE CONTRATACIÓN
B17: 8 | C17: =HLOOKUP('LISTADO DE DOCUMENTOS'!$D$6,'BASE DE DATOS'!$C$2:$P$39,'LISTADO DE DOCUMENTOS'!B17+1,0) -> Formato Único de Hoja de Vida de la Función Pública (validada por el equipo de contratos) (FÍSICO). | F17: =VLOOKUP(C17,'BASE DE DATOS'!$B$3:$P$39,MATCH('LISTADO DE DOCUMENTOS'!$D$6,'BASE DE DATOS'!$B$2:$P$2,0)+1,0) -> FUTURO CONTRATISTA
B18: 9 | C18: =HLOOKUP('LISTADO DE DOCUMENTOS'!$D$6,'BASE DE DATOS'!$C$2:$P$39,'LISTADO DE DOCUMENTOS'!B18+1,0) -> GTH-FT-025 Autorización para la realización del estudio de confiabilidad y verificación de la residencia UBPD para persona nuevas. (FÍSICO) | F18: =VLOOKUP(C18,'BASE DE DATOS'!$B$3:$P$39,MATCH('LISTADO DE DOCUMENTOS'!$D$6,'BASE DE DATOS'!$B$2:$P$2,0)+1,0) -> FUTURO CONTRATISTA
B19: 10 | C19: =HLOOKUP('LISTADO DE DOCUMENTOS'!$D$6,'BASE DE DATOS'!$C$2:$P$39,'LISTADO DE DOCUMENTOS'!B19+1,0) -> Correo de finalización del estudio de confiabilidad indicando favorabilidad o no (FISICO) | F19: =VLOOKUP(C19,'BASE DE DATOS'!$B$3:$P$39,MATCH('LISTADO DE DOCUMENTOS'!$D$6,'BASE DE DATOS'!$B$2:$P$2,0)+1,0) -> DIRECCIÓN GENERAL – EQUIPO DE PREVENCIÓN Y PROTECCIÓN
B20: 11 | C20: =HLOOKUP('LISTADO DE DOCUMENTOS'!$D$6,'BASE DE DATOS'!$C$2:$P$39,'LISTADO DE DOCUMENTOS'!B20+1,0) -> Cedula de ciudadanía (DIGITAL) | F20: =VLOOKUP(C20,'BASE DE DATOS'!$B$3:$P$39,MATCH('LISTADO DE DOCUMENTOS'!$D$6,'BASE DE DATOS'!$B$2:$P$2,0)+1,0) -> FUTURO CONTRATISTA
B21: 12 | C21: =HLOOKUP('LISTADO DE DOCUMENTOS'!$D$6,'BASE DE DATOS'!$C$2:$P$39,'LISTADO DE DOCUMENTOS'!B21+1,0) -> Certificaciones de formación académica (DIGITAL) | F21: =VLOOKUP(C21,'BASE DE DATOS'!$B$3:$P$39,MATCH('LISTADO DE DOCUMENTOS'!$D$6,'BASE DE DATOS'!$B$2:$P$2,0)+1,0) -> FUTURO CONTRATISTA
... B44: 35 | C44: =HLOOKUP('LISTADO DE DOCUMENTOS'!$D$6,'BASE DE DATOS'!$C$2:$P$39,'LISTADO DE DOCUMENTOS'!B44+1,0) -> 0 | F44: =VLOOKUP(C44,'BASE DE DATOS'!$B$3:$P$39,MATCH('LISTADO DE DOCUMENTOS'!$D$6,'BASE DE DATOS'!$B$2:$P$2,0)+1,0) -> 0
B46: * Estos documentos se encuentran publicados y disponibles en la plataforma del SECOP II

Sheet BASE DE DATOS
A2: TIPO_DE_LISTADO | C2: LISTA_DE_DOCUMENTOS_PSP | D2: RESPONSABLE | E2: LISTA_DE_DOCUMENTOS_CONTRATACIÓN_DIRECTA_CONVENIO | F2: RESPONSABLE | G2: LISTA_DE_DOCUMENTOS_CONTRATACIÓN_DIRECTA_ARRENDAMIENTO | H2: RESPONSABLE | I2: LISTA_DE_DOCUMENTOS_LICITACIÓN_PÚBLICA_O_MENOR_CUANTÍA | J2: RESPONSABLE | K2: LISTADO_DE_DOCUMENTOS_SUBASTA_INVERSA | L2: RESPONSABLE | M2: LISTADO_DE_DOCUMENTOS_MINIMA_CUANTÍA | N2: RESPONSABLE | O2: LISTADO_DE_DOCUMENTOS_CONCURSO_DE_MERITOS_ABIERTOS | P2: RESPONSABLE
A3: LISTA_DE_DOCUMENTOS_PSP | B3: ='LISTADO DE DOCUMENTOS'!C10 -> GCO-FT-013 Solicitud de contratación prestación de servicios profesionales y de apoyo a la gestión (FISICO) | C3: GCO-FT-013 Solicitud de contratación prestación de servicios profesionales y de apoyo a la gestión (FISICO) | D3: DEPENDENCIA SOLICITANTE DE CONTRATACIÓN | E3: Solicitud de contratación. | F3: DEPENDENCIA SOLICITANTE DE CONTRATACIÓN | G3: Solicitud de contratación. | H3: DEPENDENCIA SOLICITANTE DE CONTRATACIÓN | I3: Solicitud de contratación. | J3: DEPENDENCIA SOLICITANTE | K3: Solicitud de contratación. | L3: DEPENDENCIA SOLICITANTE | M3: Solicitud de contratación. | N3: DEPENDENCIA SOLICITANTE | O3: Solicitud de contratación. | P3: DEPENDENCIA SOLICITANTE
A4: LISTA_DE_DOCUMENTOS_CONTRATACIÓN_DIRECTA_CONVENIO | B4: ='LISTADO DE DOCUMENTOS'!C11 -> GCO-FT-010 Estudios previos para contratos de prestación de servicios profesionales y de apoyo a la gestión (FISICO) | C4: GCO-FT-010 Estudios previos para contratos de prestación de servicios profesionales y de apoyo a la gestión (FISICO) | D4: DEPENDENCIA SOLICITANTE DE CONTRATACIÓN | E4: GCO-FT-001 Estudios y Documentos Previos para Procesos de Licitación, Concurso de Méritos, Selección Abreviada y Contratación Directa Diferente a PSP | F4: DEPENDENCIA SOLICITANTE DE CONTRATACIÓN | G4: GCO-FT-001 Estudios y Documentos Previos para Procesos de Licitación, Concurso de Méritos, Selección Abreviada y Contratación Directa Diferente a PSP | H4: DEPENDENCIA SOLICITANTE DE CONTRATACIÓN | I4: GCO-FT-001 Estudios y Documentos Previos para Procesos de Licitación, Concurso de Méritos, Selección Abreviada y Contratación Directa Diferente a PSP | J4: DEPENDENCIA SOLICITANTE | K4: GCO-FT-001 Estudios y Documentos Previos para Procesos de Licitación, Concurso de Méritos, Selección Abreviada y Contratación Directa Diferente a PSP | L4: DEPENDENCIA SOLICITANTE | M4: GCO-FT-001 Estudios y Documentos Previos para Procesos de Licitación, Concurso de Méritos, Selección Abreviada y Contratación Directa Diferente a PSP | N4: DEPENDENCIA SOLICITANTE | O4: GCO-FT-001 Estudios y Documentos Previos para Procesos de Licitación, Concurso de Méritos, Selección Abreviada y Contratación Directa Diferente a PSP | P4: DEPENDENCIA SOLICITANTE
A5: LISTA_DE_DOCUMENTOS_LICITACIÓN_PÚBLICA_O_MENOR_CUANTÍA | B5: ='LISTADO DE DOCUMENTOS'!C12 -> Matriz de Riesgos del Proceso de Contratación Anexo 1 de Estudios Previos (FISICO) | C5: Matriz de Riesgos del Proceso de Contratación Anexo 1 de Estudios Previos (FISICO) | D5: DEPENDENCIA SOLICITANTE DE CONTRATACIÓN | E5: Estudios de Mercado y análisis del sector con anexos. | F5: DEPENDENCIA SOLICITANTE DE CONTRATACIÓN | G5: Comparación de Precios con sus respectivos soportes. | H5: DEPENDENCIA SOLICITANTE DE CONTRATACIÓN | I5: GCO-FT-003 Matriz de Riesgos del Proceso de Contratación. | J5: DEPENDENCIA SOLICITANTE | K5: GCO-FT-003 Matriz de Riesgos del Proceso de Contratación. | L5: DEPENDENCIA SOLICITANTE | M5: GCO-FT-003 Matriz de Riesgos del Proceso de Contratación. | N5: DEPENDENCIA SOLICITANTE | O5: GCO-FT-003 Matriz de Riesgos del Proceso de Contratación. | P5: DEPENDENCIA SOLICITANTE
A6: LISTA_DE_DOCUMENTOS_CONTRATACIÓN_DIRECTA_ARRENDAMIENTO | B6: ='LISTADO DE DOCUMENTOS'!C13 -> Certificado de Disponibilidad Presupuestal (CDP) (FISICO) | C6: Certificado de Disponibilidad Presupuestal (CDP) (FISICO) | D6: DEPENDENCIA SOLICITANTE DE CONTRATACIÓN | E6: GCO-FT-003 Matriz de Riesgos del Proceso de Contratación. | F6: DEPENDENCIA SOLICITANTE DE CONTRATACIÓN | G6: GCO-FT-003 Matriz de Riesgos del Proceso de Contratación. | H6: DEPENDENCIA SOLICITANTE DE CONTRATACIÓN | I6: Estudio de mercado (análisis del sector) con soportes | J6: SECRETARIA GENERAL - CONTRATOS | K6: Estudio de mercado (análisis del sector) con soportes | L6: SECRETARIA GENERAL - CONTRATOS | M6: Estudio de mercado (análisis del sector) con soportes | N6: SECRETARIA GENERAL - CONTRATOS | O6: Estudio de mercado (análisis del sector) con soportes | P6: SECRETARIA GENERAL - CONTRATOS
A7: LISTADO_DE_DOCUMENTOS_SUBASTA_INVERSA | B7: ='LISTADO DE DOCUMENTOS'!C14 -> GTH-FT-037 Certificación de insuficiencia o no existencia de personal en planta (FISICO) | C7: GTH-FT-037 Certificación de insuficiencia o no existencia de personal en planta (FISICO) | D7: DEPENDENCIA SOLICITANTE DE CONTRATACIÓN | E7: Certificado de Disponibilidad Presupuestal. | F7: DEPENDENCIA SOLICITANTE DE CONTRATACIÓN | G7: Certificado de Disponibilidad Presupuestal. | H7: DEPENDENCIA SOLICITANTE DE CONTRATACIÓN | I7: Anexos especificaciones técnicas | J7: DEPENDENCIA SOLICITANTE | K7: Anexos especificaciones técnicas | L7: DEPENDENCIA SOLICITANTE | M7: Anexos especificaciones técnicas | N7: DEPENDENCIA SOLICITANTE | O7: Anexos especificaciones técnicas | P7: DEPENDENCIA SOLICITANTE
A8: LISTADO_DE_DOCUMENTOS_MINIMA_CUANTÍA | B8: ='LISTADO DE DOCUMENTOS'!C15 -> GCO-FT-016 Autorización para objetos iguales (Cuando aplique). (FISICO) | C8: GCO-FT-016 Autorización para objetos iguales (Cuando aplique). (FISICO) | D8: DEPENDENCIA SOLICITANTE DE CONTRATACIÓN | E8: Otros Anexos (cuando aplique). | F8: DEPENDENCIA SOLICITANTE DE CONTRATACIÓN | G8: Otros Anexos (cuando aplique). | H8: DEPENDENCIA SOLICITANTE DE CONTRATACIÓN | I8: Certificado de Disponibilidad Presupuestal, si el contrato se financiará total o parcialmente con recursos de la UNIDAD | J8: SUBDIRECCIÓN ADMINISTRATIVA Y FINANCIERA | K8: Certificado de Disponibilidad Presupuestal, si el contrato se financiará total o parcialmente con recursos de la UNIDAD | L8: SUBDIRECCIÓN ADMINISTRATIVA Y FINANCIERA | M8: Certificado de Disponibilidad Presupuestal, si el contrato se financiará total o parcialmente con recursos de la UNIDAD | N8: SUBDIRECCIÓN ADMINISTRATIVA Y FINANCIERA | O8: Certificado de Disponibilidad Presupuestal, si el contrato se financiará total o parcialmente con recursos de la UNIDAD | P8: SUBDIRECCIÓN ADMINISTRATIVA Y FINANCIERA
A9: LISTADO_DE_DOCUMENTOS_CONCURSO_DE_MERITOS_ABIERTOS | B9: ='LISTADO DE DOCUMENTOS'!C16 -> GCO-FT-015 Justificación para la contratación de personal altamente calificado. (Cuando aplique). (FISICO) | C9: GCO-FT-015 Justificación para la contratación de personal altamente calificado. (Cuando aplique). (FISICO) | D9: DEPENDENCIA SOLICITANTE DE CONTRATACIÓN | E9: Oferta de servicios /oferta económica. | F9: FUTURO CONTRATISTA | G9: Oferta de arrendamiento (incluir planos del inmueble a arrendar firmados por ingeniero o arquitecto- adjuntar copia de la tarjeta profesional). | H9: FUTURO CONTRATISTA | I9: Autorización de vigencias futuras (Si aplica). | J9: SUBDIRECCIÓN ADMINISTRATIVA Y FINANCIERA | K9: Autorización de vigencias futuras (Si aplica). | L9: SUBDIRECCIÓN ADMINISTRATIVA Y FINANCIERA | M9: Autorización de vigencias futuras (Si aplica). | N9: SUBDIRECCIÓN ADMINISTRATIVA Y FINANCIERA | O9: Autorización de vigencias futuras (Si aplica). | P9: SUBDIRECCIÓN ADMINISTRATIVA Y FINANCIERA
B10: ='LISTADO DE DOCUMENTOS'!C17 -> Formato Único de Hoja de Vida de la Función Pública (validada por el equipo de contratos) (FÍSICO). | C10: Formato Único de Hoja de Vida de la Función Pública (validada por el equipo de contratos) (FÍSICO). | D10: FUTURO CONTRATISTA | E10: Certificado de Existencia de Representación Legal con fecha de expedición no superior a 30 días desde la presentación de la solicitud. | F10: FUTURO CONTRATISTA | G10: Comparación de Precios con sus respectivos soportes. | H10: FUTURO CONTRATISTA | I10: GCO-FT-007 Aviso de convocatoria (Firmado por la plataforma por la SG)* | J10: SECRETARIA GENERAL - CONTRATOS | K10: GCO-FT-007 Aviso de convocatoria (Firmado por la plataforma por la SG)* | L10: SECRETARIA GENERAL - CONTRATOS | M10: GCO-FT-021 Acta De Conformación De Comité Asesor Y Evaluador Para El Proceso | N10: SECRETARIA GENERAL - CONTRATOS | O10: GCO-FT-007 Aviso de convocatoria (Firmado por la plataforma por la SG)* | P10: SECRETARIA GENERAL - CONTRATOS
B11: ='LISTADO DE DOCUMENTOS'!C18 -> GTH-FT-025 Autorización para la realización del estudio de confiabilidad y verificación de la residencia UBPD para persona nuevas. (FÍSICO) | C11: GTH-FT-025 Autorización para la realización del estudio de confiabilidad y verificación de la residencia UBPD para persona nuevas. (FÍSICO) | D11: FUTURO CONTRATISTA | E11: Copia acto Administrativo de nombramiento y acto de posesión del representante legal (Aplica cuando la contraparte es una entidad pública). | F11: FUTURO CONTRATISTA | G11: Certificado de Existencia de Representación Legal con fecha de expedición no superior a 30 días desde la presentación de la solicitud. | H11: FUTURO CONTRATISTA | I11: GCO-FT-021 Acta De Conformación De Comité Asesor Y Evaluador Para El Proceso | J11: SECRETARIA GENERAL - CONTRATOS | K11: GCO-FT-021 Acta De Conformación De Comité Asesor Y Evaluador Para El Proceso | L11: SECRETARIA GENERAL - CONTRATOS | M11: Invitación pública* | N11: SECRETARIA GENERAL - CONTRATOS | O11: GCO-FT-021 Acta De Conformación De Comité Asesor Y Evaluador Para El Proceso | P11: SECRETARIA GENERAL - CONTRATOS
B12: ='LISTADO DE DOCUMENTOS'!C19 -> Correo de finalización del estudio de confiabilidad indicando favorabilidad o no (FISICO) | C12: Correo de finalización del estudio de confiabilidad indicando favorabilidad o no (FISICO) | D12: DIRECCIÓN GENERAL – EQUIPO DE PREVENCIÓN Y PROTECCIÓN | E12: Copia de la disposición jurídica que autoriza al representante legal para la suscripción de contratos y/o autorización para contratar, del órgano directivo al representante legal, cuando las facultades de este último se encuentren restringidas. | F12: FUTURO CONTRATISTA | G12: Copia de la disposición jurídica que autoriza al representante legal para la suscripción de contratos y/o autorización para contratar, del órgano directivo al representante legal, cuando las facultades de este último se encuentren restringidas. | H12: FUTURO CONTRATISTA | I12: Proyecto de pliego de condiciones (Carta de presentación de la Propuesta, Conformación del consorcio o de la Unión temporal, Compromiso de Transparencia, Certificado de Capacidad de Proponentes no obligados a inscribirse en el RUP y otros ) * | J12: SECRETARIA GENERAL - CONTRATOS | K12: Proyecto de pliego de condiciones (Carta de presentación de la Propuesta, Conformación del consorcio o de la Unión temporal, Compromiso de Transparencia, Certificado de Capacidad de Proponentes no obligados a inscribirse en el RUP y otros ) * | L12: SECRETARIA GENERAL - CONTRATOS | M12: Observaciones a invitación pública* | N12: INTERESADOS | O12: Proyecto de pliego de condiciones (Carta de presentación de la Propuesta, Conformación del consorcio o de la Unión temporal, Compromiso de Transparencia, Certificado de Capacidad de Proponentes no obligados a inscribirse en el RUP y otros)* | P12: SECRETARIA GENERAL - CONTRATOS
B13: ='LISTADO DE DOCUMENTOS'!C20 -> Cedula de ciudadanía (DIGITAL) | C13: Cedula de ciudadanía (DIGITAL) | D13: FUTURO CONTRATISTA | E13: Copia cédula de Ciudadanía del Representante Legal. | F13: FUTURO CONTRATISTA | G13: Copia cédula de Ciudadanía del Representante Legal. | H13: FUTURO CONTRATISTA | I13: Anexos que se requieran dependiendo del proceso * | J13: SECRETARIA GENERAL - CONTRATOS | K13: Anexos que se requieran dependiendo del proceso* | L13: SECRETARIA GENERAL - CONTRATOS | M13: Respuesta a observaciones a invitación pública | N13: COMITÉ ASESOR Y EVALUADOR (Según corresponda) | O13: Anexos que se requieran dependiendo del proceso* | P13: SECRETARIA GENERAL - CONTRATOS
B14: ='LISTADO DE DOCUMENTOS'!C21 -> Certificaciones de formación académica (DIGITAL) | C14: Certificaciones de formación académica (DIGITAL) | D14: FUTURO CONTRATISTA | E14: Copia de certificaciones de experiencia de la entidad, relacionadas con el objeto del contrato. | F14: FUTURO CONTRATISTA | G14: Certificado de Tradición y Libertad del Inmueble no superior a 30 días desde la presentación de la solicitud. | H14: FUTURO CONTRATISTA | I14: Observaciones a proyecto de pliego * | J14: INTERESADOS | K14: Observaciones a proyecto de pliego* | L14: INTERESADOS | M14: Adendas* | N14: SECRETARIA GENERAL - CONTRATOS | O14: Observaciones a proyecto de pliego* | P14: INTERESADOS
B15: ='LISTADO DE DOCUMENTOS'!C22 -> Soportes de experiencia (los cuales deben estar acorde con lo establecido en la hoja de vida del SIGEP (DIGITALES) | C15: Soportes de experiencia (los cuales deben estar acorde con lo establecido en la hoja de vida del SIGEP (DIGITALES) | D15: FUTURO CONTRATISTA | E15: Copia del Registro Único Tributario RUT. | F15: FUTURO CONTRATISTA | G15: Copia ultima escritura pública. | H15: FUTURO CONTRATISTA | I15: Respuesta a observaciones a proyecto de pliegos de condiciones | J15: COMITÉ ASESOR Y EVALUADOR (Según corresponda) | K15: Respuesta a observaciones a proyecto de pliegos de condiciones | L15: COMITÉ ASESOR Y EVALUADOR (Según corresponda) | M15: Lista de proponentes (generada por la plataforma)* | N15: SECRETARIA GENERAL - CONTRATOS | O15: Respuesta a observaciones a proyecto de pliegos de condiciones | P15: COMITÉ ASESOR Y EVALUADOR (Según corresponda)
B16: ='LISTADO DE DOCUMENTOS'!C23 -> Tarjeta o matrícula profesional (cuando aplique) (DIGITAL) | C16: Tarjeta o matrícula profesional (cuando aplique) (DIGITAL) | D16: FUTURO CONTRATISTA | E16: Certificado de paz y salvo de aportes parafiscales (artículo 50 de la Ley 789 de 2002). | F16: FUTURO CONTRATISTA | G16: Autorización de Suscripción de Contrato de Arrendamiento por parte del propietario del inmueble (Cuando el que arrienda no es directamente el propietario). | H16: FUTURO CONTRATISTA | I16: Solicitudes de convocatoria limitada MIPYMES (SAMC) * | J16: INTERESADOS | K16: Solicitudes de convocatoria limitada MIPYMES (cuando aplique)* | L16: INTERESADOS | M16: Propuestas* | N16: INTERESADOS | O16: Solicitudes de convocatoria limitada MIPYMES (cuando aplique)* | P16: INTERESADOS
B17: ='LISTADO DE DOCUMENTOS'!C24 -> Otros documentos que apliquen para el ejercicio de la profesión (DIGITAL) | C17: Otros documentos que apliquen para el ejercicio de la profesión (DIGITAL) | D17: FUTURO CONTRATISTA | E17: Certificación Bancaria. | F17: FUTURO CONTRATISTA | G17: Conceptos de Uso y del Suelo expedido por la Autoridad Competente. | H17: FUTURO CONTRATISTA | I17: Acto administrativo de apertura (El original estará en el expediente de actos administrativos y se publicará en la plataforma del SECOP II) * | J17: SECRETARIA GENERAL - CONTRATOS | K17: Acto administrativo de apertura (El original estará en el expediente de actos administrativos y se publicará en la plataforma del SECOP II)* | L17: SECRETARIA GENERAL - CONTRATOS | M17: Informe de evaluación preliminar * | N17: COMITÉ ASESOR Y EVALUADOR (Según corresponda) | O17: Acto administrativo de apertura (El original estará en el expediente de actos administrativos y se publicará en la plataforma del SECOP II)* | P17: SECRETARIA GENERAL - CONTRATOS
B18: ='LISTADO DE DOCUMENTOS'!C25 -> Certificado de antecedentes disciplinarios en el ejercicio de la profesión, expedidos por la autoridad competente. Ej: Consejo Superior de la Judicatura, Junta Central de Contadores, COPNIA, Consejo Nacional de Administración de Empresas, etc. (DIGITAL) | C18: Certificado de antecedentes disciplinarios en el ejercicio de la profesión, expedidos por la autoridad competente. Ej: Consejo Superior de la Judicatura, Junta Central de Contadores, COPNIA, Consejo Nacional de Administración de Empresas, etc. (DIGITAL) | D18: FUTURO CONTRATISTA | E18: Certificado Boletín de Responsables Fiscales – CONTRALORÍA (De la persona jurídica y el representante legal) | F18: SECRETARÍA GENERAL - CONTRATOS | G18: Copia comprobantes de pago de los Servicios Públicos de los últimos tres (3) Meses. | H18: FUTURO CONTRATISTA | I18: Pliego de condiciones definitivo * | J18: SECRETARIA GENERAL - CONTRATOS | K18: Pliego de condiciones definitivo* | L18: SECRETARIA GENERAL - CONTRATOS | M18: Subsanaciones y observaciones presentadas frente al informe de evaluación preliminar* | N18: PROPONENTES | O18: Pliego de condiciones definitivo* | P18: SECRETARIA GENERAL - CONTRATOS
B19: ='LISTADO DE DOCUMENTOS'!C26 -> Copia del Certificado médico de salud ocupacional vigente con máximo de expedición de 3 años, que incluya: Perfil lipídico (HDL, LDL, colesterol, glicemia y triglicéridos), visiometría, audiometría y examen médico con énfasis osteomuscular. (DIGITAL) | C19: Copia del Certificado médico de salud ocupacional vigente con máximo de expedición de 3 años, que incluya: Perfil lipídico (HDL, LDL, colesterol, glicemia y triglicéridos), visiometría, audiometría y examen médico con énfasis osteomuscular. (DIGITAL) | D19: FUTURO CONTRATISTA | E19: Certificado de antecedentes disciplinarios – PROCURADURÍA (De la persona jurídica y el representante legal) | F19: SECRETARÍA GENERAL - CONTRATOS | G19: Copia del Registro Único Tributario RUT del arrendador y de el/los propietario(s) del inmueble. | H19: FUTURO CONTRATISTA | I19: Acta de audiencia de tipificación, asignación y estimación de riesgos (LP) | J19: SECRETARIA GENERAL - CONTRATOS | K19: Observaciones a pliego de condiciones definitivo* | L19: INTERESADOS | M19: Respuesta a observaciones al informe de evaluación preliminar | N19: COMITÉ ASESOR Y EVALUADOR (Según corresponda) | O19: Observaciones a pliego de condiciones definitivo* | P19: INTERESADOS
B20: ='LISTADO DE DOCUMENTOS'!C27 -> Copia del Registro Único Tributario RUT actualizado (DIGITAL) | C20: Copia del Registro Único Tributario RUT actualizado (DIGITAL) | D20: FUTURO CONTRATISTA | E20: Antecedentes penales y requerimientos judiciales - POLICÍA NACIONAL (Del representante legal) | F20: SECRETARÍA GENERAL - CONTRATOS | G20: Certificado de paz y salvo de aportes parafiscales (artículo 50 de la Ley 789 de 2002). | H20: FUTURO CONTRATISTA | I20: Manifestaciones de interés (SAMC) * | J20: INTERESADOS | K20: Respuesta a observaciones a pliego de condiciones definitivo | L20: COMITÉ ASESOR Y EVALUADOR (Según corresponda) | M20: Infome de evaluación definitivo* | N20: COMITÉ ASESOR Y EVALUADOR (Según corresponda) | O20: Respuesta a observaciones a pliego de condiciones definitivo | P20: COMITÉ ASESOR Y EVALUADOR (Según corresponda)
B21: ='LISTADO DE DOCUMENTOS'!C28 -> Constancia de estar afiliado al Sistema Integral de Seguridad Social y fondo de Pensiones (como independiente) (DIGITAL) | C21: Constancia de estar afiliado al Sistema Integral de Seguridad Social y fondo de Pensiones (como independiente) (DIGITAL) | D21: FUTURO CONTRATISTA | E21: Constancia Registro Nacional de Medidas Correctivas RNMC (Del representante legal) | F21: SECRETARÍA GENERAL - CONTRATOS | G21: Certificación Bancaria. | H21: FUTURO CONTRATISTA | I21: Observaciones a pliego de condiciones definitivo * | J21: INTERESADOS | K21: Adendas* | L21: SECRETARIA GENERAL - CONTRATOS | M21: Recomendación del comité de evaluación (especificando el órden de elegibilidad y el resultado de la verificación de la propuesta economica del proponente ubicado en el primer lugar del orden de elegibilidad) | N21: COMITÉ ASESOR Y EVALUADOR (Según corresponda) | O21: Adendas* | P21: SECRETARIA GENERAL - CONTRATOS
... B26: ='LISTADO DE DOCUMENTOS'!C33 -> Constancia que acredite la verificación de antecedentes disciplinarios – PROCURADURÍA | C26: Constancia que acredite la verificación de antecedentes disciplinarios – PROCURADURÍA | D26: SECRETARÍA GENERAL - CONTRATOS | E26: Comunicación y delegación de supervisión del contrato. | F26: SECRETARÍA GENERAL - CONTRATOS | G26: Acto adminitrativo de justificación de contratación directa | H26: SECRETARÍA GENERAL - CONTRATOS | I26: Informe de evaluación preliminar | J26: COMITÉ ASESOR Y EVALUADOR (Según corresponda) | K26: Respuesta a observaciones al informe de evaluación preliminar | L26: COMITÉ ASESOR Y EVALUADOR (Según corresponda) | M26: GCO-FT-004 Acta de inicio ( si aplica) | N26: DEPENDENCIA SOLICITANTE | O26: Respuesta a observaciones al informe de evaluación preliminar | P26: COMITÉ ASESOR Y EVALUADOR (Según corresponda)
B27: ='LISTADO DE DOCUMENTOS'!C34 -> Constancia que acredite la verificación de Antecedentes penales y requerimientos judiciales - POLICÍA NACIONAL | C27: Constancia que acredite la verificación de Antecedentes penales y requerimientos judiciales - POLICÍA NACIONAL | D27: SECRETARÍA GENERAL - CONTRATOS | G27: Contrato de arrendamiento | H27: SECRETARÍA GENERAL - CONTRATOS | I27: Subsanaciones y observaciones presentadas frente al informe de evaluación preliminar * | J27: PROPONENTES | K27: Infome de evaluación definitivo | L27: COMITÉ ASESOR Y EVALUADOR (Según corresponda) | O27: Infome de evaluación definitivo | P27: COMITÉ ASESOR Y EVALUADOR (Según corresponda)
B28: ='LISTADO DE DOCUMENTOS'!C35 -> Constancia que acredite la verificación de Registro Nacional de Medidas Correctivas RNMC | C28: Constancia que acredite la verificación de Registro Nacional de Medidas Correctivas RNMC | D28: SECRETARÍA GENERAL - CONTRATOS | G28: Registro Presupuestal del contrato | H28: SUBDIRECCIÓN ADMINISTRATIVA Y FINANCIERA | I28: Respuesta a observaciones al informe de evaluación preliminar | J28: COMITÉ ASESOR Y EVALUADOR (Según corresponda) | K28: Acta de evento de subaste inversa presencial (fisico) o reporte del resultado del evento de subasta inversa electrónica (SECOP II) | L28: SECRETARIA GENERAL - CONTRATOS | O28: Apertura del sobre económico (SECOP II) (Generar pantallazo e incluirlo en el back up de los procesos)* | P28: SECRETARIA GENERAL - CONTRATOS
B29: ='LISTADO DE DOCUMENTOS'!C36 -> Constancia de Certificado electrónico del contrato (DIGITAL) | C29: Constancia de Certificado electrónico del contrato (DIGITAL) | D29: SECRETARÍA GENERAL - CONTRATOS | G29: Garantía de cumplimiento establecida en el contrato (si aplica) | H29: SECRETARÍA GENERAL - CONTRATOS | I29: Infome de evaluación definitivo | J29: COMITÉ ASESOR Y EVALUADOR (Según corresponda) | K29: Acta de sorteo de desempate (si aplica) | L29: SECRETARIA GENERAL - CONTRATOS | O29: Acta de sorteo de desempate (si aplica) | P29: SECRETARIA GENERAL - CONTRATOS
B30: ='LISTADO DE DOCUMENTOS'!C37 -> Registro Presupuestal del contrato (FISICO) | C30: Registro Presupuestal del contrato (FISICO) | D30: SECRETARÍA GENERAL - CONTRATOS | G30: Comunicación y delegación de supervisión del contrato. | H30: SECRETARÍA GENERAL - CONTRATOS | I30: Recomendación del comité de evaluación | J30: COMITÉ ASESOR Y EVALUADOR (Según corresponda) | K30: Recomendación del comité de evaluación | L30: COMITÉ ASESOR Y EVALUADOR (Según corresponda) | O30: Recomendación del comité de evaluación (especificando el órden de elegibilidad y el resultado de la verificación de la propuesta economica del proponente ubicado en el primer lugar del orden de elegibilidad) | P30: COMITÉ ASESOR Y EVALUADOR (Según corresponda)
B31: ='LISTADO DE DOCUMENTOS'!C38 -> Pantallazo de aprobación de la póliza en la plataforma del SECOP II (FISICO) | C31: Pantallazo de aprobación de la póliza en la plataforma del SECOP II (FISICO) | D31: SECRETARÍA GENERAL - CONTRATOS | G31: Acta de entrega e inventario del inmueble | H31: SUPERVISOR | I31: Acta de audiencia de adjudicación o declaratoria desierta (LP) Acta de sorteo de desempate SAMC (si aplica) | J31: SECRETARIA GENERAL - CONTRATOS | K31: Acto administrativo de adjudicación (El original estará en el expediente de actos administrativos y se publicará en la plataforma del SECOP II)* | L31: SECRETARIA GENERAL - CONTRATOS | O31: Acto administrativo de adjudicación (El original estará en el expediente de actos administrativos y se publicará en la plataforma del SECOP II)* | P31: SECRETARIA GENERAL - CONTRATOS
B32: ='LISTADO DE DOCUMENTOS'!C39 -> GTH-FT - 035 Compromiso de confidencialidad (FISICO) | C32: GTH-FT - 035 Compromiso de confidencialidad (FISICO) | D32: CONTRATISTA | I32: Acto administrativo de adjudicación (El original estará en el expediente de actos administrativos y se publicará en la plataforma del SECOP II) * | J32: SECRETARIA GENERAL - CONTRATOS | K32: Contrato y anexos (Generar pantallazo e incluirlo en el back up de los procesos)* | L32: SECRETARIA GENERAL - CONTRATOS | O32: Contrato y anexos (Generar pantallazo e incluirlo en el back up de los procesos)* | P32: SECRETARIA GENERAL - CONTRATOS
B33: ='LISTADO DE DOCUMENTOS'!C40 -> GTH-FT-026 Reporte de afiliación ARL contratistas (FISICO) | C33: GTH-FT-026 Reporte de afiliación ARL contratistas (FISICO) | D33: CONTRATISTA | I33: Contrato y anexos (Generar pantallazo e incluirlo en el back up de los procesos)* | J33: SECRETARIA GENERAL - CONTRATOS | K33: Póliza aprobada (se aprueba en línea)* | L33: SECRETARIA GENERAL | O33: Póliza aprobada (se aprueba en línea)* | P33: SECRETARIA GENERAL - CONTRATOS
B34: ='LISTADO DE DOCUMENTOS'!C41 -> Afiliación del contratista ante la aseguradora de riesgos profesionales –ARL (FISICO) | C34: Afiliación del contratista ante la aseguradora de riesgos profesionales –ARL (FISICO) | D34: SUBDIRECCIÓN DE GESTIÓN HUMANA | I34: Póliza aprobada (se aprueba en línea)* | J34: SECRETARIA GENERAL | K34: Registro Presupuestal y se publica en plataforma | L34: SUBDIRECCIÓN ADMINISTRATIVA Y FINANCIERA | O34: Registro Presupuestal y se publica en plataforma* | P34: SUBDIRECCIÓN ADMINISTRATIVA Y FINANCIERA
B35: ='LISTADO DE DOCUMENTOS'!C42 -> Comunicación y delegación de supervisión del contrato (FISICO) | C35: Comunicación y delegación de supervisión del contrato (FISICO) | D35: SECRETARÍA GENERAL - CONTRATOS | I35: Registro Presupuestal y se publica en plataforma | J35: SUBDIRECCIÓN ADMINISTRATIVA Y FINANCIERA | K35: Comunicación de supervisión (cargar en la plataforma el correo)* | L35: ABOGADO SECRETARIA GENERAL - CONTRATOS | O35: Comunicación de supervisión (cargar en la plataforma el correo)* | P35: SECRETARIA GENERAL - CONTRATOS
B36: ='LISTADO DE DOCUMENTOS'!C43 -> Constancia que acredite la verificación de publicación de la declaración de bienes y rentas y registro de conflictos de interés | C36: Constancia que acredite la verificación de publicación de la declaración de bienes y rentas y registro de conflictos de interés | D36: SECRETARÍA GENERAL - CONTRATOS | I36: Comunicación de supervisión (cargar en la plataforma el correo) * | J36: SECRETARIA GENERAL - CONTRATOS | K36: GCO-FT-004 Acta de inicio ( si aplica) | L36: DEPENDENCIA SOLICITANTE | O36: GCO-FT-004 Acta de inicio ( si aplica) | P36: DEPENDENCIA SOLICITANTE
B37: ='LISTADO DE DOCUMENTOS'!C44 -> 0 | I37: GCO-FT-004 Acta de inicio ( si aplica) | J37: DEPENDENCIA SOLICITANTE
B38: ='LISTADO DE DOCUMENTOS'!C45 -> 0
B39: ='LISTADO DE DOCUMENTOS'!#REF! -> #REF!

Sheet Hoja1
B2: 1 | C2: B
B3: 2 | C3: C
B4: 3 | C4: D
B5: 4 | C5: E
B6: 5 | C6: F
B7: 6 | C7: G
B8: 7 | C8: H
B9: 8 | C9: I
B10: 9 | C10: J
B11: 10 | C11: K
B12: 11 | C12: L
B13: 12 | C13: M
... B15: 14 | C15: O
